 Dungeon Sprint DCSS version 0.30-a0-374-g95c0257040 (webtiles) character file.

Game seed: 1682928976314534536

405 McGhostyFace the Prestidigitator (level 6, -1/90 HPs)
             Began as a Gnoll Wanderer on Nov 26, 2022.
             Splashed by a jelly's acid (3 damage)
             ... in the Dungeon (Sprint III: "The Ten Rune Challenge").
             The game lasted 00:03:26 (737 turns).

McGhostyFace the Prestidigitator (Gnoll Wanderer)    Turns: 737, Time: 00:03:27

Health: -1/90      AC: -1    Str:  8    XL:     6   Next: 87%
Magic:  12/13      EV: 15    Int: 12    God:
Gold:   29         SH:  0    Dex: 16    Spells: 15/15 levels left

rFire   . . .      SeeInvis .    a - +0 dagger
rCold   . . .      Faith    .    (no shield)
rNeg    . . .      Spirit   .    e - +0 robe
rPois   .          Reflect  .    (no helmet)
rElec   .          Harm     .    (no cloak)
rCorr   .          Rampage  .    (no gloves)
Will    +....      NoTele   +    (no boots)
Stlth   ..........               (no amulet)
HPRegen 0.35/turn                (no ring)
MPRegen 0.13/turn                (no ring)

@: berserking, corroded, very quick
A: fangs 1, strong nose, distributed training, strong-willed 1, robust 1,
screaming 1
a: no special abilities


You were in the Dungeon.
You visited 1 branch You collected 29 gold pieces.

Inventory:

Hand Weapons
 a - a +0 dagger (weapon)
Armour
 e - a +0 robe (worn)
Wands
 c - a wand of flame (14)
 l - a wand of light (5)
Scrolls
 b - a scroll of fog
 k - a scroll of blinking
 n - a scroll of torment {unknown}
 o - 2 scrolls of identify
 q - 2 scrolls of immolation {unknown}
Potions
 g - a potion of curing
 i - 2 potions of magic
 p - 4 potions of flight
Miscellaneous
 f - a lightning rod (4/4) (quivered)


   Skills:
 + Level 7.0 Fighting
 + Level 5.1 Short Blades
 + Level 5.1 Long Blades
 + Level 5.1 Axes
 + Level 5.1 Maces & Flails
 + Level 5.1 Polearms
 + Level 5.1 Staves
 + Level 5.1 Ranged Weapons
 + Level 5.8 Throwing
 + Level 5.1 Armour
 + Level 5.8 Dodging
 + Level 5.7 Stealth
 + Level 5.1 Shields
 + Level 5.1 Unarmed Combat
 + Level 5.1 Spellcasting
 + Level 4.2 Conjurations
 + Level 4.2 Hexes
 + Level 4.2 Summonings
 + Level 4.2 Necromancy
 + Level 4.2 Translocations
 + Level 4.2 Transmutations
 + Level 4.2 Fire Magic
 + Level 4.2 Ice Magic
 + Level 4.2 Air Magic
 + Level 4.2 Earth Magic
 + Level 4.2 Poison Magic
 + Level 5.6 Invocations
 + Level 11.6 Evocations


You had 15 spell levels left.
You didn't know any spells.
Your spell library was empty.

Dungeon Overview and Level Annotations

Branches:
Dungeon (1/1)

Altars:
Dithmenos
Ru
Yredelemnul


Innate Abilities, Weirdness & Mutations

You have very sharp teeth.
Your uncanny sense of smell can sniff out nearby items.
Your experience applies equally to all skills.
You are strong-willed. (Will+)
You are robust. (+10% HP)
You occasionally shout uncontrollably at your foes.


Message History

Reactivating autopickup.
You hit the shadow but do no damage.
The shadow is almost destroyed.
The shadow slips into darkness.
The shadow flickers and vanishes!
Deactivating autopickup; reactivate with Ctrl-A.
You miss something. You closely miss something.
The shadow strikes at you from the darkness!
* * * LOW HITPOINT WARNING * * *
Reactivating autopickup.
You hit the shadow.
You destroy the shadow!
Your Fighting skill increases to level 7!
Your Short Blades skill increases to level 5!
Your Long Blades skill increases to level 5!
Your Axes skill increases to level 5!
Your Maces & Flails skill increases to level 5!
Your Polearms skill increases to level 5!
Your Staves skill increases to level 5!
Your Ranged Weapons skill increases to level 5!
Your Armour skill increases to level 5!
Your Shields skill increases to level 5!
Your Unarmed Combat skill increases to level 5!
Your Spellcasting skill increases to level 5!
Your Conjurations skill increases to level 4!
Your Hexes skill increases to level 4!
Your Summonings skill increases to level 4!
Your Necromancy skill increases to level 4!
Your Translocations skill increases to level 4!
Your Transmutations skill increases to level 4!
Your Fire Magic skill increases to level 4!
Your Ice Magic skill increases to level 4!
Your Air Magic skill increases to level 4!
Your Earth Magic skill increases to level 4!
Your Poison Magic skill increases to level 4!
Your Invocations skill increases to level 5!
Unknown command.
You hit the jelly. The acid corrodes you!
Your hands burn!
You die...

▓▓▓ # ##.# #### ∆
#####..# ∆#__# ∆∆
.#..#..#∆ ∆#._# ∆
.#..#..###+#+###)##∆
.##'#..#..........#∆
.###...'.⌠......@.# ∆
####...#...######J#∆∆
∆ ∆ ###....#.⌠.# ..#
##.....#...#∆ ...#
#......#+### #...#
.#..†..# ∆∆ #...+
###....# +...# ▓▓▓▓▓▓
▓▓▓▓▓


You could see a jelly.

Vanquished Creatures
  A shadow (D)
  A scorpion (D)
  A water elemental (D)
  A necrophage (D)
  Jessica (D)
  A necromancer (D)
  A human (D)
  An endoplasm (D)
  2 rats (D)
10 creatures vanquished.

Notes
Turn   | Place    | Note
-------+----------+-------------------------------------------
     0 | D        | Reached skill level 10 in Evocations
     0 | D        | McGhostyFace the Gnoll Wanderer began the quest for the
                  | Orb.
     0 | D        | McGhostyFace set off with the following items: a +0 dagger,
                  | a scroll of fog, a potion of lignification, 2 potions of
                  | heal wounds, a +0 robe, a lightning rod (4/4), a potion of
                  | curing, a potion of haste, 2 potions of magic, a potion of
                  | berserk rage, a scroll of blinking.
     0 | D        | Reached XP level 1. HP: 20/20 MP: 1/1
    35 | D        | Noticed Jessica
    41 | D        | Killed Jessica
    42 | D        | Reached skill level 5 in Fighting
    42 | D        | Reached skill level 1 in Short Blades
    42 | D        | Reached skill level 1 in Long Blades
    42 | D        | Reached skill level 1 in Axes
    42 | D        | Reached skill level 1 in Maces & Flails
    42 | D        | Reached skill level 1 in Polearms
    42 | D        | Reached skill level 1 in Staves
    42 | D        | Reached skill level 1 in Ranged Weapons
    42 | D        | Reached skill level 1 in Armour
    42 | D        | Reached skill level 1 in Shields
    42 | D        | Reached skill level 1 in Unarmed Combat
    42 | D        | Reached skill level 1 in Spellcasting
    42 | D        | Reached skill level 1 in Conjurations
    42 | D        | Reached skill level 1 in Hexes
    42 | D        | Reached skill level 1 in Summonings
    42 | D        | Reached skill level 1 in Necromancy
    42 | D        | Reached skill level 1 in Translocations
    42 | D        | Reached skill level 1 in Transmutations
    42 | D        | Reached skill level 1 in Fire Magic
    42 | D        | Reached skill level 1 in Ice Magic
    42 | D        | Reached skill level 1 in Air Magic
    42 | D        | Reached skill level 1 in Earth Magic
    42 | D        | Reached skill level 1 in Poison Magic
    42 | D        | Reached XP level 2. HP: 27/27 MP: 1/4
    42 | D        | Reached XP level 3. HP: 33/33 MP: 1/5
   137 | D        | Noticed a scorpion
   140 | D        | Killed a scorpion
   141 | D        | Reached XP level 4. HP: 39/39 MP: 6/8
   156 | D        | Gained mutation: You do not regenerate when monsters are
                  | visible. [potion of mutation]
   156 | D        | Gained mutation: You are clumsy. (Dex -2) [potion of
                  | mutation]
   156 | D        | Gained mutation: Your flesh is heat resistant. (rF+)
                  | [potion of mutation]
   157 | D        | Lost mutation: Your flesh is heat resistant. (rF+) [potion
                  | of mutation]
   157 | D        | Lost mutation: You do not regenerate when monsters are
                  | visible. [potion of mutation]
   157 | D        | Gained mutation: Your spells are a little easier to cast,
                  | but a little less powerful. [potion of mutation]
   158 | D        | Lost mutation: Your spells are a little easier to cast, but
                  | a little less powerful. [potion of mutation]
   158 | D        | Lost mutation: You are clumsy. (Dex -2) [potion of
                  | mutation]
   158 | D        | Gained mutation: Your body sometimes deteriorates upon
                  | taking damage. [potion of mutation]
   158 | D        | Gained mutation: You are frail. (-10% HP) [potion of
                  | mutation]
   159 | D        | Lost mutation: You are frail. (-10% HP) [potion of
                  | mutation]
   159 | D        | Lost mutation: Your body sometimes deteriorates upon taking
                  | damage. [potion of mutation]
   159 | D        | Gained mutation: You are strong-willed. (Will+) [potion of
                  | mutation]
   159 | D        | Gained mutation: You are dopey. (Int -2) [potion of
                  | mutation]
   160 | D        | Lost mutation: You are strong-willed. (Will+) [potion of
                  | mutation]
   160 | D        | Lost mutation: You are dopey. (Int -2) [potion of mutation]
   160 | D        | Gained mutation: You occasionally shout uncontrollably at
                  | your foes. [potion of mutation]
   160 | D        | Gained mutation: You are strong-willed. (Will+) [potion of
                  | mutation]
   160 | D        | Gained mutation: You are robust. (+10% HP) [potion of
                  | mutation]
   185 | D        | Noticed a water elemental
   192 | D        | Killed a water elemental
   193 | D        | Reached skill level 11 in Evocations
   193 | D        | Reached XP level 5. HP: 12/50 MP: 8/10
   462 | D        | Found a basalt altar of Yredelemnul.
   462 | D        | Found a shadowy altar of Dithmenos.
   462 | D        | Found a sacrificial altar of Ru.
   487 | D        | Reached skill level 5 in Throwing
   487 | D        | Reached skill level 5 in Dodging
   487 | D        | Reached XP level 6. HP: 57/57 MP: 10/12
   503 | D        | Reached skill level 5 in Stealth
   713 | D        | Noticed a shadow
   735 | D        | HP: 2/87 [something (18)]
   736 | D        | Killed a shadow
   737 | D        | Reached skill level 5 in Short Blades
   737 | D        | Reached skill level 5 in Long Blades
   737 | D        | Reached skill level 5 in Axes
   737 | D        | Reached skill level 5 in Maces & Flails
   737 | D        | Reached skill level 5 in Polearms
   737 | D        | Reached skill level 5 in Staves
   737 | D        | Reached skill level 5 in Ranged Weapons
   737 | D        | Reached skill level 5 in Armour
   737 | D        | Reached skill level 5 in Shields
   737 | D        | Reached skill level 5 in Unarmed Combat
   737 | D        | Reached skill level 5 in Spellcasting
   737 | D        | Reached skill level 5 in Invocations
   737 | D        | Splashed by a jelly's acid

Illustrated notes

Levels and vault maps discovered:
D:        dungeon_sprint_mu [sprint_mu_entry_cave, sprint_mu_temple_rooms,
          sprint_mu_d1_spiders, sprint_mu_d2_genie, sprint_mu_d3_branching,
          sprint_mu_orc_legion, sprint_mu_elf_gauntlet, sprint_mu_hive_nellie,
          sprint_mu_lair_fedhas, sprint_mu_vaults_butterflies,
          sprint_mu_slime_circle, sprint_mu_shoals_kraken,
          sprint_mu_snake_twists, sprint_mu_blade_basic, sprint_mu_crypt_lich,
          sprint_mu_tomb_spiral, sprint_mu_vestibule_basic,
          sprint_mu_gehenna_hellfire, sprint_mu_dis_giant,
          sprint_mu_tartarus_statrot, sprint_mu_cocytus_islands, sprint_mu_zot1]

Skill      XL: |  1  2  3  4  5  6 |
---------------+-------------------+-----
Evocations     | 11 | 11.6
Fighting       | 5 6 7 |  7.0
Short Blades   | 1 3 4 5 |  5.1
Long Blades    | 1 3 4 5 |  5.1
Axes           | 1 3 4 5 |  5.1
Maces & Flails | 1 3 4 5 |  5.1
Polearms       | 1 3 4 5 |  5.1
Staves         | 1 3 4 5 |  5.1
Ranged Weapons | 1 3 4 5 |  5.1
Throwing       | 3 4 5 |  5.8
Armour         | 1 3 4 5 |  5.1
Dodging        | 3 4 5 |  5.8
Stealth        | 3 4 5 |  5.7
Shields        | 1 3 4 5 |  5.1
Unarmed Combat | 1 3 4 5 |  5.1
Spellcasting   | 1 3 4 5 |  5.1
Conjurations   | 1 2 3 4 |  4.2
Hexes          | 1 2 3 4 |  4.2
Summonings     | 1 2 3 4 |  4.2
Necromancy     | 1 2 3 4 |  4.2
Translocations | 1 2 3 4 |  4.2
Transmutations | 1 2 3 4 |  4.2
Fire Magic     | 1 2 3 4 |  4.2
Ice Magic      | 1 2 3 4 |  4.2
Air Magic      | 1 2 3 4 |  4.2
Earth Magic    | 1 2 3 4 |  4.2
Poison Magic   | 1 2 3 4 |  4.2
Invocations    | 2 3 4 5 |  5.6

Action                   |  1- 3 |  4- 6 || total
-------------------------+-------+-------++-------
Melee: Dagger            |    16 |    62 ||    78
       Bite              |     4 |     2 ||     6
       Punch             |       |     1 ||     1
Evoke: Wand              |     2 |       ||     2
  Use: Potion            |       |    11 ||    11
 Stab: Sleeping          |     3 |     1 ||     4
       Invisible         |     1 |       ||     1
       Distracted        |       |     1 ||     1
Armor: Robe              |     1 |       ||     1
       Skin              |       |    21 ||    21
Dodge: Dodged            |     9 |     8 ||    17

Table legend: (Time is in decaauts)
 A = Elapsed time spent in this place.
 B = Non-inter-level travel time spent in this place.
 C = Inter-level travel time spent in this place.
 D = Time resting spent in this place.
 E = Time spent auto-exploring this place.
 F = Levels seen in this place.
 G = Mean time per level.
                   A        B        C        D        E       F      G
               +--------+--------+--------+--------+--------+-----+--------+
         Total |    713 |    713 |      0 |    490 |     70 |   1 |  713.0 |
       Dungeon |    713 |    713 |      0 |    490 |     70 |   1 |  713.0 |
               +--------+--------+--------+--------+--------+-----+--------+

Top non-repeatable levels by time:
       D: 713 daAuts
